 Dungeon Crawl Stone Soup version 0.31-a0-1074-g0b22e4e0f1 (webtiles) character file.

Game seed: 1887546120472519161

284 strifetoe the Cudgeller (level 6, -2/31 HPs)
             Began as a Gargoyle Brigand on Nov 27, 2023.
             Was a Believer of Hepliaklqana.
             Killed from afar by an orc wizard (5 damage)
             ... with a magic dart
             ... on level 5 of the Dungeon.
             The game lasted 00:05:20 (3119 turns).

strifetoe the Cudgeller (Gargoyle Brigand)          Turns: 3119, Time: 00:05:21

Health: -2/31      AC: 14    Str: 16    XL:     6   Next: 29%
Magic:  6/6        EV:  9    Int: 12    God:    Hepliaklqana [**....]
Gold:   187        SH:  0    Dex: 11    Spells: 5/5 levels left

rFire   . . .        g - +0 mace
rCold   . . .        (no shield)
rNeg    + . .        r - +0 scale mail
rPois   ∞            j - +0 helmet
rElec   +            c - +1 cloak
rCorr   .            w - +0 pair of gloves
SInv    .            (no boots)
Will    .....        l - amulet of regeneration Stlth
                     (no ring)
HPRegen 1.05/turn    (no ring)
MPRegen 0.10/turn

%: no passive effects
@: confused
A: reduced essence, sickness immunity, AC +4, negative energy resistance 1,
electricity resistance, torment resistance 1, petrification resistance
a: Renounce Religion, Recall Ancestor, Ancestor Identity


You were on level 5 of the Dungeon.
You worshipped Hepliaklqana.
Hepliaklqana was pleased with you.
You visited 1 branch of the dungeon, and saw 5 of its levels.

You collected 187 gold pieces.

Inventory:

Hand Weapons
 a - a +2 dagger
 g - a +0 mace (weapon)
Missiles
 d - 15 poisoned darts (quivered)
 e - 3 curare-tipped darts
Armour
 c - a +1 cloak (worn)
 j - a +0 helmet (worn)
 r - a +0 scale mail (worn)
 w - a +0 pair of gloves (worn)
Jewellery
 l - an amulet of regeneration (around neck)
Wands
 t - a wand of digging (7)
Scrolls
 i - 3 scrolls of teleportation
Potions
 h - a potion of mutation
 k - a potion of resistance
 m - 2 potions of might
 n - a potion of berserk rage {unknown}
 o - a potion of curing
 p - 2 potions of heal wounds {unknown}
 u - a potion of haste {unknown}


   Skills:
 - Level 2.1 Fighting
 - Level 1.7 Short Blades
 + Level 5.6 Maces & Flails
 - Level 1.7 Throwing
 - Level 0.7 Dodging
 - Level 5.0 Stealth


You had 5 spell levels left.
You didn't know any spells.
Your spell library contained the following spells:

 Spells                   Type           Power      Damage    Failure   Level
 Necrotise                Necr           0%         1d4       77%         1
 Vampiric Draining        Necr           0%         2d6       98%         3
 Agony                    Necr           0%         N/A       100%        5


Dungeon Overview and Level Annotations

Branches:
Dungeon (5/15)
 Temple: D:4-7

Altars:
Elyvilon
Hepliaklqana
Makhleb


Innate Abilities, Weirdness & Mutations

Your life essence is reduced to manifest your ancestor. (-10% HP)
You are immune to sickness and miasma.
Your stone body is resilient. (AC +4)
You are immune to poison.
You resist negative energy. (rN+)
You are resistant to electric shocks. (rElec)
You are resistant to unholy torment.
You are immune to petrification.


Message History

Xiloxoch closely misses something.
You hear some strange, mumbled words.
You are more confused.
Xiloxoch hits something but does no damage.
Unknown command.
A puff of flame appears from out of thin air!
The puff of flame misses you.
An orc comes into view. It is wielding a +0 club.
You bump into the rock wall.
The orc priest miscasts a cantrip.
The orc wizard points at you and mumbles some strange words.
The puff of flame hits you!
* * * LOW HITPOINT WARNING * * *
Unknown command.
The orc wizard barely misses you.
Unknown command.
You're too confused to move!
The orc wizard hits you but does no damage.
Unknown command.
You bump into the rock wall.
Xiloxoch seems less confused.
The orc closely misses you. Something hits you but does no damage.
The orc priest hits you but does no damage.
The orc wizard hits you but does no damage.
You barely miss the orc. The orc hits you with a +0 club.
Something completely misses you.
The orc priest mumbles some strange prayers to Beogh against you.
Beogh smites you!
* * * LOW HITPOINT WARNING * * *
The orc wizard points at you and mumbles some strange words.
You are more confused.
Xiloxoch hits the orc priest with a +0 quarterstaff!
The orc priest dies!
Something hits you but does no damage. The orc hits you but does no damage.
You are too injured to fight recklessly!
You're too confused to move!
The orc wizard closely misses you.
You hear some strange, mumbled words.
A magic dart appears from out of thin air!
The magic dart hits you.
You die...

.## ..# #.# #.# #
#.#.# # #.#.# #.
##o..#
#..######@o##
#......R{..#
#..........#
#....).....#
#..........#
#.....)....#
............#
...............#
#....######......#


You could see the friendly Xiloxoch the battlemage, an orc wizard and an orc.

Vanquished Creatures
  A scorpion (D:4)
  2 hounds (D:4)
  4 adders (D:2)
  A worm (D:3)
  A dart slug (D:1)
  2 orcs
  4 ball pythons
  4 bats
  6 endoplasms
  2 giant cockroaches
  5 goblins
  4 hobgoblins
  2 jackals (D:2)
  5 kobolds
  4 frilled lizards
  4 rats
51 creatures vanquished.

Vanquished Creatures (collateral kills)
  An orc priest (D:5)
  An adder (D:4)
  A worm (D:3)
  3 dart slugs
  3 orcs
  A goblin (D:2)
  2 hobgoblins
  3 jackals
  A quokka (D:3)
  3 bats
  2 frilled lizards
  A kobold (D:2)
22 creatures vanquished.

Grand Total: 73 creatures vanquished

Notes
Turn   | Place    | Note
-------+----------+-------------------------------------------
     0 | D:1      | strifetoe the Gargoyle Brigand began the quest for the Orb.
     0 | D:1      | Reached XP level 1. HP: 12/12 MP: 1/1
   150 | D:1      | Reached XP level 2. HP: 15/17 MP: 2/2
   152 | D:1      | Reached skill level 5 in Stealth
   394 | D:1      | Reached skill level 1 in Maces & Flails
   599 | D:2      | Reached XP level 3. HP: 21/21 MP: 3/3
   604 | D:2      | Found a faded altar of an unknown god.
   650 | D:2      | Prayed at the altar of an unknown god.
   650 | D:2      | Became a worshipper of Hepliaklqana the Forgotten
   650 | D:2      | Reached * piety under Hepliaklqana
   868 | D:2      | Reached XP level 4. HP: 21/23 MP: 4/4
  1546 | D:3      | Reached ** piety under Hepliaklqana
  1549 | D:3      | Remembered your ancestor Xiloxoch as a battlemage
  1893 | D:4      | Found a burning altar of Makhleb.
  1893 | D:4      | Found a white marble altar of Elyvilon.
  2110 | D:4      | Reached XP level 5. HP: 27/27 MP: 5/5
  2872 | D:5      | Entered Level 5 of the Dungeon
  2919 | D:4      | Reached skill level 5 in Maces & Flails
  2941 | D:4      | Reached XP level 6. HP: 31/31 MP: 6/6
  3119 | D:5      | Killed from afar by an orc wizard

Illustrated notes

Levels and vault maps discovered:
D:1:      dpeg_arrival_erosion, layout_rooms
D:2:      layout_basic, dilly_ecumenical_altar_fadedgnrine
D:3:      layout_rooms, st_stairs_4, lemuel_flame_loot_1
D:4:      layout_basic, mainiacjoe_overflow_divided_tiny,
          amcnicky_mini_corridor_feature
D:5:      layout_rooms

Skill      XL: |  1  2  3  4  5 |
---------------+----------------+-----
Stealth        | 5 |  5.0
Maces & Flails | 1 2 4 5 |  5.6
Fighting       | |  2.1
Short Blades   | |  1.7
Throwing       | |  1.7
Dodging        | |  0.7

Action                     |  1- 3 |  4- 6 || total
---------------------------+-------+-------++-------
  Melee: Dagger            |    85 |   130 ||   215
         Punch             |     1 |       ||     1
         Mace              |       |    22 ||    22
 Invoke: Ancestor Life: Ba |       |     1 ||     1
         Recall Ancestor   |       |     1 ||     1
    Use: Scroll            |       |    10 ||    10
         Potion            |       |     1 ||     1
   Stab: Sleeping          |     5 |     3 ||     8
 Armour: Ring mail         |    54 |    10 ||    64
         Scale mail        |       |   197 ||   197
  Dodge: Dodged            |    48 |   128 ||   176

Table legend: (Time is in decaauts)
 A = Elapsed time spent in this place.
 B = Non-inter-level travel time spent in this place.
 C = Inter-level travel time spent in this place.
 D = Time resting spent in this place.
 E = Time spent auto-exploring this place.
 F = Levels seen in this place.
 G = Mean time per level.
                   A        B        C        D        E       F      G
               +--------+--------+--------+--------+--------+-----+--------+
         Total |   3104 |   2924 |    180 |    183 |   2163 |   5 |  620.8 |
       Dungeon |   3104 |   2924 |    180 |    183 |   2163 |   5 |  620.8 |
               +--------+--------+--------+--------+--------+-----+--------+

Top non-repeatable levels by time:
     D:4: 1222 daAuts
     D:2: 815 daAuts
     D:1: 567 daAuts
     D:3: 428 daAuts
     D:5: 70 daAuts
